Map: Tours du crépuscule

Players

zidar

  • Race: Zerg Zerg
  • League: Silver
  • Spawn Location: 1:00

DeathKnight - Winner!

  • Race: Terran Terran
  • Spawn Location: 7:00

VOD

Have the link to the VOD?

Description

Time

  • Played on: March 3, 2016, 2:05 p.m.
  • Length: 29:09
Show
View Real Time Build Order
Export as new Build Order

zidar Zerg 

Build Orders: Hatch First 

Get SALT Encoding   

  12  0:02  Drone  
  13  0:12  Overlord  
  13  0:19  Drone  
  14  0:30  Drone x2  
  14  0:34  Drone  
  17  0:56  Hatchery, Drone  
  17  1:11  Spawning Pool  
  17  1:14  Drone  
  17  1:19  Extractor  
  17  1:20  Drone  
  17  1:31  Drone  
  17  1:32  Overlord  
  18  1:39  Drone  
  20  2:07  Hatchery  
  17  2:11  Queen  
  19  2:23  Queen  
  21  2:35  Roach Warren  
  20  2:54  Drone  
  20  2:55  Drone x2  
  23  3:04  Queen  
  25  3:15  Queen  
  27  3:22  Overlord  
  27  3:43  Roach  
  27  3:44  Roach x3  
  35  3:56  Drone x4  
  39  4:03  Spore Crawler  
  39  4:08  Spore Crawler  
  37  4:17  Drone x3  
  37  4:24  Lair  
  40  4:28  Extractor, Drone  
  41  4:31  Drone  
  41  4:34  Drone  
  42  4:45  Spore Crawler  
  41  4:55  Drone  
  41  4:59  Overlord  
  42  5:00  Overlord x2  
  42  5:20  Evolution Chamber  
  41  5:23  Evolution Chamber  
  36  5:47  Queen  
  38  6:00  Ravager x3  
  38  6:01  Ravager  
  42  6:04  Roach  
  42  6:05  Roach x9  
  57  7:09  Spore Crawler  
  57  7:10  Drone x9  
  57  7:12  Drone  
  66  7:18  Extractor, Drone  
  66  7:20  Overlord x2  
  66  7:22  Extractor  
  65  7:25  Drone  
  55  8:27  Roach  
  55  8:28  Roach x9  
  74  8:56  Drone  
  74  8:57  Drone  
  76  9:14  Zerg Ground Armor Level 1  
  76  9:18  Drone x3  
  76  9:19  Drone x2  
  81  10:03  Drone  
  81  10:05  Overlord  
  81  10:06  Overlord x3  
  82  10:07  Overlord  
  72  10:51  Roach  
  72  10:52  Roach x7  
  74  11:37  Hydralisk Den  
  73  11:40  Drone x9  
  82  11:54  Drone  
  82  11:55  Queen  
  82  11:57  Queen  
  77  12:49  Extractor  
  76  12:51  Extractor  
  76  12:55  Drone x3  
  78  13:03  Overlord  
  78  13:04  Overlord  
  78  13:15  Queen  
  78  13:17  Overlord  
  78  13:18  Overlord x3  
  78  13:19  Overlord  
  80  13:30  Hydralisk  
  80  13:31  Hydralisk x11  
  104  13:41  Drone x4  
  108  13:50  Zergling x6  
  111  14:06  Queen  
  113  14:14  Metabolic Boost  
  113  14:17  Zerg Missile Weapons Level 1  
  113  14:39  Drone x5  
  113  14:42  Hydralisk x3  
  113  14:43  Hydralisk  
  126  15:06  Infestation Pit  
  125  15:09  Hatchery  
  124  15:15  Zerg Ground Armor Level 2  
  124  15:31  Drone  
  124  15:32  Overseer x2  
  125  15:50  Roach x6, Hydralisk  
  125  15:51  Roach x3  
  125  15:54  Overlord  
  125  15:55  Overlord x5  
  125  15:56  Overlord  
  145  16:00  Muscular Augments  
  145  16:27  Spire  
  145  16:30  Glial Reconstitution  
  144  16:52  Drone x4  
  148  16:59  Hydralisk x9  
  148  17:00  Hydralisk  
  170  17:01  Roach x2  
  172  17:10  Extractor  
  172  17:13  Hive  
  172  17:15  Extractor  
  170  17:18  Zerg Missile Weapons Level 2  
  170  17:35  Drone x3  
  170  17:36  Drone x2  
  175  17:57  Roach x8  
  175  17:58  Roach x2  
  195  18:04  Hatchery  
  194  18:29  Drone x2  
  196  18:35  Drone x4  
  195  19:25  Viper  
  198  19:50  Zerg Ground Armor Level 3  
  198  19:51  Zerg Missile Weapons Level 3  
  198  20:09  Ultralisk Cavern  
  187  21:14  Overseer  
  187  21:18  Overseer  
  187  21:23  Drone x12  
  199  22:04  Pneumatized Carapace  
  184  22:53  Viper x3  
  184  22:54  Viper  
  143  23:55  Roach x10  
  163  23:56  Roach x5  
  163  23:59  Hydralisk  
  163  24:00  Hydralisk x7  
  189  24:15  Drone  
  167  25:16  Roach x3  
  167  25:17  Roach  
  167  25:18  Hydralisk x4  
  167  25:19  Hydralisk x3  
  76  26:13  Roach x12  
  76  26:14  Roach  
  74  27:07  Ultralisk  
  74  27:08  Ultralisk x4  
  104  27:09  Ultralisk x3  
  104  27:10  Ultralisk  
  152  27:17  Overseer  
  152  27:18  Overseer  
  152  27:24  Chitinous Plating  
  111  28:06  Ultralisk x2  
  111  28:07  Ultralisk x3  
Show
View Real Time Build Order
Export as new Build Order

DeathKnight Terran - Winner!

Build Orders: Command Center First (CC), Liberator Opening 

Get SALT Encoding   

  12  0:01  SCV  
  13  0:13  SCV  
  14  0:25  SCV  
  15  0:39  Supply Depot  
  15  1:00  Command Center  
  15  1:11  Barracks  
  15  1:15  Refinery  
  15  1:16  SCV  
  16  1:23  Refinery  
  16  1:32  SCV  
  17  1:48  SCV  
  18  2:02  Orbital Command  
  18  2:10  Factory  
  18  2:22  Supply Depot  
  18  2:26  Marine  
  19  2:38  Orbital Command  
  19  2:44  Marine  
  20  3:00  Starport  
  20  3:02  Marine  
  21  3:09  SCV  
  22  3:14  Factory Reactor  
  22  3:16  SCV  
  22  3:19  Refinery  
  23  3:28  SCV  
  24  3:35  SCV  
  25  3:41  Refinery  
  25  3:42  Liberator x2  
  25  3:48  SCV  
  26  3:49  SCV  
  27  3:59  Factory Tech Lab  
  33  4:04  Marine  
  33  4:05  SCV  
  33  4:08  SCV  
  36  4:17  SCV  
  36  4:18  Siege Tank  
  40  4:24  SCV  
  41  4:32  Liberator  
  41  4:36  SCV  
  42  4:38  Supply Depot  
  42  4:41  Engineering Bay  
  42  4:47  Factory  
  45  4:56  Supply Depot  
  45  4:59  SCV  
  46  5:01  SCV  
  46  5:04  Liberator  
  47  5:11  SCV  
  48  5:20  SCV  
  52  5:23  SCV  
  52  5:26  Liberator  
  53  5:32  SCV  
  53  5:35  SCV  
  55  5:44  SCV  
  55  5:47  SCV  
  60  5:56  SCV  
  61  6:00  Liberator  
  61  6:11  SCV  
  61  6:17  Supply Depot x2  
  61  6:18  Supply Depot  
  62  6:38  SCV x2  
  64  6:50  SCV x2  
  64  6:53  Liberator  
  66  6:59  Command Center  
  66  7:02  Factory Reactor  
  66  7:03  SCV x2, Infernal Pre-Igniter  
  66  7:05  Marine  
  69  7:09  Bunker  
  69  7:15  SCV x2  
  74  7:18  Supply Depot  
  74  7:23  Marine  
  74  7:27  SCV x2  
  77  7:39  SCV x2  
  79  7:44  Liberator x2  
  79  7:51  SCV x2  
  81  8:03  SCV x2  
  86  8:15  SCV x2  
  85  8:27  SCV x2  
  87  8:39  SCV x2  
  86  8:41  Liberator  
  86  8:42  Liberator  
  86  8:51  SCV x2  
  88  8:56  Siege Tank  
  88  8:57  Hellion x2  
  101  9:03  Factory, SCV  
  101  9:05  Orbital Command  
  101  9:08  Refinery  
  101  9:09  Command Center  
  102  9:12  Command Center  
  102  9:19  SCV  
  103  9:27  Factory  
  103  9:29  Barracks, Barracks Tech Lab  
  103  9:34  Refinery  
  103  9:35  SCV, Starport  
  103  9:36  Armory  
  103  9:37  Armory x2  
  104  9:47  SCV, Sensor Tower  
  104  9:50  Hellion x2  
  104  9:51  Factory Tech Lab  
  104  9:52  Supply Depot  
  109  9:56  Liberator  
  109  9:57  Terran Infantry Weapons Level 1  
  109  9:58  Supply Depot  
  109  9:59  Supply Depot  
  109  10:02  Supply Depot x2  
  109  10:03  Supply Depot  
  109  10:06  Missile Turret  
  109  10:13  SCV x2, Siege Tank, Supply Depot  
  117  10:25  SCV x2  
  119  10:30  Missile Turret  
  119  10:31  Medivac  
  119  10:34  Starport Reactor  
  121  10:36  Terran Vehicle Weapons Level 1  
  121  10:37  SCV, Terran Vehicle And Ship Armor Level 1, Starport  
  121  10:38  Terran Ship Weapons Level 1  
  122  10:49  SCV  
  123  10:51  Missile Turret  
  123  10:56  Medivac  
  125  11:02  SCV  
  126  11:42  Planetary Fortress  
  126  11:46  Bunker  
  126  11:49  Starport Tech Lab  
  126  12:17  Bunker  
  123  12:36  SCV  
  124  12:44  Drilling Claws  
  124  12:45  SCV  
  124  12:48  SCV  
  126  12:52  Refinery  
  126  12:53  Refinery  
  126  12:55  Marine, Missile Turret  
  127  13:00  SCV  
  128  13:12  SCV  
  129  13:13  Marine  
  129  13:14  Sensor Tower  
  129  13:17  Command Center  
  130  13:22  Cloaking Field  
  130  13:24  SCV  
  130  13:26  Fusion Core  
  131  13:27  Terran Infantry Weapons Level 2  
  131  13:28  Terran Vehicle Weapons Level 2  
  131  13:29  Terran Ship Weapons Level 2, Terran Vehicle And Ship Armor Level 2  
  131  13:30  Marine  
  131  13:33  SCV  
  133  13:36  SCV  
  133  13:38  Orbital Command  
  134  13:41  Refinery  
  134  13:45  SCV  
  135  13:48  Marine  
  136  13:57  SCV  
  137  14:06  Marine  
  137  14:08  Factory Tech Lab  
  137  14:09  Barracks Tech Lab, Command Center  
  138  14:24  Marine  
  139  14:42  Marine  
  139  14:44  Weapon Refit  
  140  14:51  Ghost Academy  
  140  15:08  SCV  
  141  15:20  SCV  
  142  15:23  Planetary Fortress  
  142  15:26  Command Center  
  142  15:28  Behemoth Reactor  
  142  15:31  Thor  
  142  15:32  Thor, SCV, Hellion  
  142  15:33  Hellion  
  153  15:44  SCV  
  152  15:53  Thor  
  152  15:56  SCV  
  159  15:59  Bunker  
  159  16:02  Bunker  
  159  16:04  SCV  
  160  16:08  Terran Vehicle Weapons Level 3, Terran Vehicle And Ship Armor Level 3  
  160  16:09  Terran Ship Weapons Level 3  
  160  16:11  Factory, SCV  
  160  16:13  Refinery  
  160  16:14  Thor x2  
  173  16:19  Orbital Command  
  173  16:23  Refinery, SCV  
  173  16:24  Refinery  
  174  16:35  Thor  
  180  16:40  Refinery  
  180  16:43  SCV  
  180  16:46  Planetary Fortress  
  181  16:55  Factory  
  181  16:57  Hyperflight Rotors, Siege Tank x2  
  181  16:58  Hellion x2  
  181  17:00  Marine  
  192  17:06  Refinery  
  192  17:17  Personal Cloaking  
  192  17:18  Marine, Thor  
  192  17:21  Terran Infantry Weapons Level 3  
  199  17:31  Factory Tech Lab  
  199  17:36  Marine  
  200  18:21  Command Center  
  200  18:36  Command Center  
  200  18:43  Nuke  
  198  18:58  Advanced Ballistics  
  196  19:19  Ghost  
  198  19:35  Command Center  
  198  19:47  Ghost  
  200  19:54  Command Center  
  200  20:06  Ghost Academy  
  200  20:19  Rapid Reignition System  
  200  20:21  Factory Tech Lab  
  200  20:31  Ghost Academy  
  200  20:38  Planetary Fortress  
  200  20:46  Ghost Academy  
  200  20:47  Command Center  
  200  21:03  Nuke, Ghost Academy  
  200  21:04  Nuke  
  200  21:07  Nuke  
  200  21:16  Explosive Shrapnel Shells  
  200  21:17  Ghost Academy  
  200  21:18  Planetary Fortress  
  200  21:21  Refinery  
  200  21:35  Ghost Academy  
  200  21:39  Nuke x2  
  200  21:47  Ghost Academy  
  200  21:48  Refinery  
  200  22:07  Command Center, Missile Turret  
  198  22:19  Ghost Academy  
  198  22:20  Nuke  
  198  22:21  Ghost  
  200  22:25  Nuke  
  200  22:26  Nuke  
  200  22:29  Missile Turret  
  200  22:34  Corvid Reactor  
  198  22:38  Planetary Fortress  
  198  22:50  Refinery, Ghost Academy  
  198  22:54  Sensor Tower  
  198  23:00  Ghost  
  200  23:15  Refinery  
  183  23:26  Ghost Academy  
  166  23:40  Liberator x3  
  160  23:53  Thor x2  
  160  23:54  Thor x2  
  160  23:55  Thor, Ghost Academy  
  190  23:59  Marine  
  200  24:12  Nuke x5  
  200  24:26  Ghost Academy  
  195  25:17  SCV x2  
  170  25:52  Liberator  
  170  25:53  Liberator x4  
  170  25:57  Ghost  
  151  26:25  Ghost  
  153  26:35  Liberator x2  
  141  26:50  Nuke x3  
  141  26:54  Ghost  
  137  27:22  Ghost  
  139  27:35  Nuke  
  139  27:46  Nuke  
  139  27:47  Nuke  
  139  27:51  Ghost  
  135  28:09  Siege Tank x5  
  154  28:12  Hellion  
  154  28:13  Hellion  
  154  28:16  Refinery  
  154  28:19  Ghost  
  154  28:20  Planetary Fortress  
  158  28:42  Refinery  
Tags
 
Add a new tag
Caveats
  • Supply blocks, unpowered buildings, or Contaminate may cause inaccurate times.
  • Supply counts are checked every 10 seconds.